 Dungeon Crawl Stone Soup version 0.28.0-45-g0d030f2227 (webtiles) character file.

Game seed: 3973985826852428773

183 Arctor the Sneak (level 5, 0/33 HPs)
             Began as a Vampire Enchanter on Apr 11, 2022.
             Slain by a goblin
             ... wielding a +0 club
             ... led by Robin
              (5 damage)
             ... on level 4 of the Dungeon.
             The game lasted 00:07:15 (3777 turns).

Arctor the Sneak (Vampire Enchanter)                Turns: 3777, Time: 00:07:15

Health: 0/33       AC:  3    Str:  6 (7)  XL:     5   Next: 35%
Magic:  7/9        EV: 13    Int: 19      God:
Gold:   197        SH:  0    Dex: 14 (15) Spells: 4/9 levels left

rFire   . . .      SeeInvis +   f - +2 dagger (venom)
rCold   . . .      Faith    .   (no shield)
rNeg    . . .      Spirit   .   b - +0 robe
rPois   .          Reflect  .   (no helmet)
rElec   .          Harm     .   (no cloak)
rCorr   .          Rampage  .   (no gloves)
Will    .....                   h - +0 pair of boots
Stlth   +++.......              e - amulet of the acrobat
HPRegen 0.31/turn               (no ring)
MPRegen 0.11/turn               (no ring)

@: about to teleport, healing quickly
A: alive, fangs 3, see invisible, vampiric 2, [frail 1]
a: Exsanguinate


You were on level 4 of the Dungeon.
You visited 1 branch of the dungeon, and saw 4 of its levels.

You collected 197 gold pieces.

Inventory:

Hand Weapons
 a - a +1 dagger
 f - a +2 dagger of venom (weapon)
 k - the +5 whip of Puig Rintutu {antimagic, Str+4}
   (You found it on level 2 of the Dungeon)

   It reduces the magical energy of the wielder, and disrupts the spells and
   magical abilities of those it strikes.
   Natural abilities and divine invocations are not affected.
   Str:       It affects your strength (+4).
 r - a +2 dagger of electrocution
Armour
 b - a +0 robe (worn)
 h - a +0 pair of boots (worn)
 l - a +0 pair of gloves
Jewellery
 e - an amulet of the acrobat (around neck)
Scrolls
 d - a scroll of torment
 j - a scroll of acquirement


   Skills:
 + Level 1.2 Fighting
 + Level 2.3 Short Blades
 - Level 0.7 Maces & Flails
 + Level 3.2 Dodging
 + Level 5.5 Stealth
 + Level 2.7 Spellcasting
 + Level 5.2 Hexes


You had 4 spell levels left.
You knew the following spells:

 Your Spells              Type           Power      Damage    Failure   Level
a - Ensorcelled Hibernat  Hex/Ice        24%        N/A       9%          2
b - Tukima's Dance        Hex            22%        N/A       5%          3

Your spell library contained the following spells:

 Spells                   Type           Power      Damage    Failure   Level
 Confusing Touch          Hex            22%        N/A       5%          3
 Dazzling Flash           Conj/Hex       24%        N/A       16%         3


Dungeon Overview and Level Annotations

Branches:
Dungeon (4/15)
 Temple: D:4-7

Altars:

Shops:
D:1 [

Annotations:
D:3 Grinder
D:4 Menkaure, Robin


Innate Abilities, Weirdness & Mutations

Your natural rate of healing is accelerated.
You have razor-sharp teeth.
You have supernaturally acute eyesight. (SInv)
You are afflicted with vampirism and can become a bat while bloodless.
[You are frail. (-10% HP)]


Message History

j - a scroll of acquirement The hobgoblin misses you.
Menkaure calls on the powers of darkness!
Your body is wracked with pain!
Robin throws the goblin at you! The goblin hits you but does no damage.
The hobgoblin closely misses you.
As you read the scroll of teleportation, it crumbles to dust.
You feel strangely unstable. The hobgoblin misses you.
The goblin barely misses you.
Robin's horned helmet rattles.
Robin throws the goblin at you! The goblin hits you with a +0 club.
The hobgoblin barely misses you. The goblin misses you.
You aren't carrying any potions.
Really read the scroll of torment?
Okay, then.
You aren't carrying any potions.
Okay, then.
You hit the goblin.
The goblin is poisoned.
The goblin is severely wounded.
You kill the goblin!
The hobgoblin barely misses you. Robin throws the goblin at you!
The goblin hits you with a +0 club.
* * * LOW HITPOINT WARNING * * *
You hit the hobgoblin.
The hobgoblin is poisoned.
The hobgoblin is heavily wounded.
The goblin closely misses you. The hobgoblin misses you.
Menkaure calls on the powers of darkness!
The goblin convulses! x2; Your body is wracked with pain!
* * * LOW HITPOINT WARNING * * *
Robin convulses!
The hobgoblin closely misses you. The goblin closely misses you.
You hit the goblin but do no damage.
The goblin is poisoned.
You punch the goblin.
You kill the goblin!
The goblin misses you. The goblin barely misses you.
The hobgoblin barely misses you.
Unknown command.
You hit the hobgoblin.
You kill the hobgoblin!
The goblin hits you with a +0 club.
You die...

##....# ...##...... #
.....###..##....#.. .#
.........###..#...#..#
.........#..#...#...#
..........#...#..=#.. #.
............#.).#...#...
..........#...#g.g#...#
#)..........#)..#g..#
..........#(..#g@g#...
.#.....##...#†.g#g..#.
####...#..#...#...#...#
# ##.......#.).#...#M..
# ###..#...#..#...#.....
###.#...........#.......
.......................
.............##........
≈≈...)......####......


You could see Menkaure, Robin, 2 hobgoblins and 4 goblins.

Vanquished Creatures
  3 adders
  An adder skeleton (D:4)
  A worm (D:2)
  2 dart slugs
  An orc (D:4)
  3 ball pythons
  A bat (D:2)
  8 endoplasms
  5 giant cockroaches
  18 goblins
  10 hobgoblins
  2 kobolds
  2 quokkas
  3 frilled lizards
  8 rats
68 creatures vanquished.

Vanquished Creatures (collateral kills)
  Blork the orc (D:4)
1 creature vanquished.

Grand Total: 69 creatures vanquished

Notes
Turn   | Place    | Note
-------+----------+-------------------------------------------
     0 | D:1      | Arctor the Vampire Enchanter began the quest for the Orb.
     0 | D:1      | Reached XP level 1. HP: 13/13 MP: 3/3
   253 | D:1      | Found a faded altar of an unknown god.
   621 | D:1      | Reached XP level 2. HP: 12/15 MP: 5/5
   624 | D:1      | Learned a level 2 spell: Ensorcelled Hibernation
   998 | D:1      | Found Wibas's Antique Armour Emporium.
  1568 | D:2      | Gained mutation: You are afflicted with vampirism and can
                  | become a bat while bloodless. [Vampire growth]
  1568 | D:2      | Reached XP level 3. HP: 14/19 MP: 6/6
  1586 | D:2      | Learned a level 3 spell: Tukima's Dance
  1786 | D:2      | Identified the +5 whip of Puig Rintutu {antimagic, Str+4}
  2002 | D:2      | Reached skill level 5 in Stealth
  2542 | D:3      | Noticed Grinder
  3022 | D:3      | Reached XP level 4. HP: 18/24 MP: 2/7
  3397 | D:4      | Noticed Blork the orc
  3409 | D:4      | Killed Blork the orc
  3410 | D:4      | Reached skill level 1 in Fighting
  3410 | D:4      | Reached skill level 5 in Hexes
  3410 | D:4      | Reached XP level 5. HP: 26/33 MP: 1/9
  3718 | D:4      | Noticed a necrophage
  3756 | D:4      | Noticed Robin
  3771 | D:4      | Noticed Menkaure
  3772 | D:4      | Identified a scroll of acquirement
  3777 | D:4      | Slain by a goblin

Illustrated notes

Levels and vault maps discovered:
D:1:      dpeg_arrival_boxorama, layout_basic, serial_shops, shop,
          chequers_ecumenical_altar_simple_redux
D:2:      wad_crossroads, layout_basic, minmay_curled_crystal
D:3:      layout_basic, chequers_serial_rivers_micro_a, hangedman_decor_points,
          minmay_puff, uniq_grinder
D:4:      layout_cave_pools, serial_column_ruins, column_ruins_open_tiny,
          column_ruins_open_small, column_ruins_open_medium,
          column_ruins_open_tiny_water, hex_medium, kennysheep_generic_room_8,
          uniq_menkaure, uniq_robin, uniq_crazy_yiuf_cottage, uniq_blork_the_orc

Skill      XL: |  1  2  3  4 |
---------------+-------------+-----
Stealth        | 5 |  5.5
Fighting       | 1 |  1.2
Short Blades   | 2 |  2.3
Dodging        | 3 |  3.2
Hexes          | 5 |  5.2
Maces & Flails | |  0.7
Spellcasting   | |  2.7

Action                   |  1- 3 |  4- 6 || total
-------------------------+-------+-------++-------
Melee: Dagger            |    61 |    36 ||    97
       Bite              |     7 |     5 ||    12
       Punch             |     1 |     2 ||     3
       Whip              |    48 |     2 ||    50
 Cast: Tukima's Dance    |       |     3 ||     3
       Ensorcelled Hiber |       |     1 ||     1
 Abil: Revivify          |     1 |     1 ||     2
       Exsanguinate      |     1 |       ||     1
       Bat Form          |       |     1 ||     1
  Use: Scroll            |     9 |     2 ||    11
       Potion            |     2 |     1 ||     3
 Stab: Sleeping          |    25 |     7 ||    32
Armor: Robe              |    11 |     7 ||    18
Dodge: Dodged            |    46 |    36 ||    82
